 Dungeon Crawl Stone Soup version 0.17-a0-1174-ge06b3cc (webtiles) character file.

497 Tarthonis the Shield-Bearer (level 6, -7/57 HPs)
             Began as a Deep Dwarf Fighter on May 29, 2015.
             Mangled by an ogre
             ... wielding a +0 giant club
              (16 damage)
             ... on level 4 of the Dungeon.
             The game lasted 00:22:23 (2795 turns).

Tarthonis the Shield-Bearer (Deep Dwarf Fighter)    Turns: 2795, Time: 00:22:23

Health: -7/57      AC: 10    Str: 22    XL:     6   Next: 93%
Magic:  6/6        EV:  7    Int:  8    God:
Gold:   123        SH: 10    Dex: 12    Spells: 0 memorised, 5 levels left

rFire  . . .     SeeInvis .     a - +1 war axe
rCold  . . .     Clarity  .     u - +1 chain mail
rNeg   . . .     SustAt   .     c - +0 shield
rPois  .         Gourm    .     (no helmet)
rElec  .         Spirit   .     (no cloak)
rCorr  .         Warding  .     (no gloves)
rMut   .         Stasis   .     (no boots)
MR     .....                    (no amulet)
Stlth  ..........               (no ring)
                                (no ring)

@: non-regenerating, not resistant to hostile enchantments, extremely unstealthy
A: damage resistance, recharge devices, sense surroundings 1, slow healing 3
a: Device Recharging


You were on level 4 of the Dungeon.
You were not hungry.

You visited 1 branch of the dungeon, and saw 4 of its levels.

You collected 123 gold pieces.

Inventory:

Hand weapons
 a - a +1 war axe (weapon)
 p - a +0 hunting sling
 t - a +0 hand axe
 y - a +1 war axe of chopping
 z - a +0 falchion of freezing
 C - a +0 shortbow
Missiles
 g - 6 sling bullets of flame
 h - 36 arrows
 j - 54 stones (quivered)
 r - 14 arrows of frost
 B - 6 bolts
Armour
 b - a +0 scale mail
 c - a +0 shield (worn)
 o - a +3 leather armour of cold resistance
 u - a +1 chain mail (worn)
 v - a +0 shield of protection
 x - a +0 pair of gloves
 A - a +0 chain mail
Jewellery
 l - a cursed +3 ring of dexterity
 n - an uncursed ring of protection from magic {unknown}
Magical devices
 e - a wand of heal wounds (0)
Scrolls
 q - 3 scrolls of noise
 s - 2 scrolls of remove curse {unknown}
 w - a scroll of fear
 D - a scroll of teleportation {unknown}
Potions
 d - a potion of might
 i - a potion of curing {unknown}
Comestibles
 f - a bread ration
 k - 2 fruits
 m - a beef jerky
 E - a meat ration


   Skills:
 + Level 4.0 Fighting
 + Level 4.1 Axes
 + Level 4.4 Armour
 + Level 2.4 Dodging
 + Level 0.3 Stealth
 + Level 5.4 Shields
 + Level 1.0 Evocations


You had 5 spell levels left.
You didn't know any spells.

Dungeon Overview and Level Annotations

Branches:
Dungeon (4/15)
 Temple: D:4-7

Altars:
Fedhas
Trog
Xom
The Shining One


Innate Abilities, Weirdness & Mutations

You are resistant to damage.
You can recharge devices by infusing magical energy.
You passively map a small area around you.
You do not heal naturally.


Message History

D - a scroll labeled TATSIO XYMUKHEUL
Found a shimmering altar of Xom.
Found a meat ration.
An ogre comes into view. It is wielding a giant club.
The ogre shouts!
You see here a meat ration.
E - a meat ration The ogre hits you with a giant club!
* * * LOW HITPOINT WARNING * * *
You slash the ogre!
The ogre is heavily wounded.
You block the ogre's attack.
You slash the ogre!
The ogre is almost dead.
The ogre hits you with a giant club.
* * * LOW HITPOINT WARNING * * *
Your chain mail prevents you from hitting the ogre.
The ogre is almost dead.
The ogre hits you with a giant club!
You die...

# #.......#.......#....
#.,##.....##............
#..####.####.......#####
#..................#...#
#........#######........
######..## #......)..#
#..######.......)..
##.O...........)..P.
#..@..........))..P.
#........#......(.PP
#........####...(..P
#........#* #####(..
#.......... #.(.
#.......... ####
####....... , * .......
, ,,


You could see an ogre.

Vanquished Creatures
  2 eyes of draining (D:3)
  A centaur (D:4)
  Ijyb (D:2)
  2 orc wizards (D:4)
  Terence (D:2)
  6 adders
  A gnoll (D:1)
  An ooze (D:2)
  2 giant geckos
  8 orcs
  2 giant cockroaches (D:3)
  10 goblins
  4 hobgoblins
  6 jackals
  9 kobolds
  A quokka (D:2)
  3 bats
  A giant newt (D:3)
  6 rats
67 creatures vanquished.

Vanquished Creatures (others)
  A kobold (D:1)
1 creature vanquished.

Grand Total: 68 creatures vanquished

Notes
Turn   | Place    | Note
--------------------------------------------------------------
     0 | D:1      | Tarthonis the Deep Dwarf Fighter began the quest for the Orb.
     0 | D:1      | Reached XP level 1. HP: 20/20 MP: 1/1
     6 | D:1      | Noticed a fire drake
     6 | D:1      | Noticed a black bear
     7 | D:1      | Noticed a komodo dragon
     7 | D:1      | Noticed a killer bee
   298 | D:1      | Reached XP level 2. HP: 25/27 MP: 2/2
   952 | D:2      | Reached XP level 3. HP: 24/34 MP: 3/3
  1276 | D:2      | Noticed Terence
  1305 | D:2      | Killed Terence
  1305 | D:2      | Reached skill level 1 in Dodging
  1305 | D:2      | Reached skill level 4 in Shields
  1305 | D:2      | Reached XP level 4. HP: 19/42 MP: 4/4
  1430 | D:2      | Noticed Ijyb
  1449 | D:2      | Killed Ijyb
  1934 | D:3      | Found a glowing golden altar of the Shining One.
  2143 | D:3      | Reached XP level 5. HP: 39/49 MP: 5/5
  2390 | D:3      | Found a bloodstained altar of Trog.
  2390 | D:3      | Noticed an eye of draining
  2413 | D:3      | Noticed an eye of draining
  2424 | D:3      | Killed an eye of draining
  2430 | D:3      | Killed an eye of draining
  2430 | D:3      | Reached skill level 5 in Shields
  2430 | D:3      | Reached XP level 6. HP: 39/57 MP: 0/6
  2677 | D:4      | Found a blossoming altar of Fedhas.
  2755 | D:4      | Reached skill level 1 in Evocations
  2775 | D:4      | Found a shimmering altar of Xom.
  2795 | D:4      | Mangled by an ogre

Vault maps used:
D:1:      onia_arrival_zoo_common, lemuel_flame_loot_1
D:2:      first_bread, uniq_iyjb, uniq_terence
D:3:      tso_altar, trog_eyes_of_draining
D:4:      old_standard_altar, fedhas_bush_and_centaur_altar

Action                   |  1- 3 |  4- 6 || total
-------------------------+-------+-------++-------
Melee: War axe           |   117 |   157 ||   274
Evoke: Wand              |     2 |     3 ||     5
  Use: Scroll            |     2 |     4 ||     6
  Eat: Fruit             |     1 |       ||     1
       Bread ration      |       |     2 ||     2
